 Dungeon Crawl Stone Soup version 0.31-a0-1009-g454b1f1e0a (webtiles) character file.

Game seed: 5438780454579155878

58 Nedwor the Cutter (level 3, 0/28 HPs)
             Began as a Demonspawn Gladiator on Nov 14, 2023.
             Slain by Jessica
             ... wielding a +0 club
              (4 damage)
             ... on level 2 of the Dungeon.
             The game lasted 00:00:45 (978 turns).

Nedwor the Cutter (Demonspawn Gladiator)             Turns: 978, Time: 00:00:46

Health: 0/28       AC:  5    Str: 14    XL:     3   Next: 75%
Magic:  3/3        EV: 12    Int:  9    God:
Gold:   45         SH:  0    Dex: 16    Spells: 2/2 levels left

rFire   . . .        a - +0 rapier
rCold   . . .        (no shield)
rNeg    . . .        b - +0 leather armour
rPois   .            c - +0 helmet
rElec   .            (no cloak)
rCorr   .            (no gloves)
SInv    .            (no boots)
Will    .....        (no amulet)
Stlth   +            (no ring)
HPRegen 0.24/turn    (no ring)
MPRegen 0.08/turn

%: no passive effects
@: no status effects
A: demonic guardian 1, sharp scales 1
a: no special abilities


You were on level 2 of the Dungeon.
You visited 1 branch of the dungeon, and saw 2 of its levels.

You collected 45 gold pieces.

Inventory:

Hand Weapons
 a - a +0 rapier (weapon)
Missiles
 d - 3 throwing nets (quivered)
 e - a javelin
Armour
 b - a +0 leather armour (worn)
 c - a +0 helmet (worn)
Potions
 f - a potion of brilliance {unknown}
 g - a potion of resistance {unknown}


   Skills:
 + Level 2.6 Fighting
 * Level 3.6 Short Blades
 - Level 1.7 Throwing
 + Level 3.1 Dodging


You had 2 spell levels left.
You didn't know any spells.
Your spell library contained the following spells:

 Spells                   Type           Power      Damage    Failure   Level
 Apportation              Tloc           0%         N/A       45%         1
 Necrotise                Necr           0%         1d4       45%         1
 Summon Small Mammal      Summ           0%         N/A       45%         1


Dungeon Overview and Level Annotations

Branches:
Dungeon (1/15)

Altars:

Annotations:
D:2 Jessica


Innate Abilities, Weirdness & Mutations

A weak demonic guardian rushes to your aid.
You are partially covered in razor-sharp scales. (AC +1, Slay +1)


Message History

You puncture Natasha!
You kill Natasha!
Natasha screams in fury as she dies!
The cerulean imp disappears in a puff of smoke!
You see here the felid corpse of Natasha.
You start resting.
Your white imp disappears in a puff of smoke!
HP restored.
You start waiting.
Done waiting.
You start waiting.
Done waiting.
A bat comes into view.
A bat is nearby!
Found 6 poisoned darts.
The bat closely misses you. The bat hits you but does no damage.
The bat misses you. The bat barely misses you.
You miss the bat. The bat misses you. The bat hits you.
You hit the bat.
The bat is moderately wounded.
The bat hits you but does no damage. The bat closely misses you.
You hit the bat.
You kill the bat!
No target in view!
No target in view!
You see here 6 poisoned darts.
Jessica the Apprentice Sorceress comes into view.
She is wielding a +0 club.
Jessica shouts!
Jessica points at you and mumbles some strange words.
Pain shoots through your body!
A demonic guardian appears!
You closely miss Jessica. Jessica gestures at you while chanting.
Pain shoots through your body!
* * * LOW HITPOINT WARNING * * *
You hit Jessica.
Jessica is moderately wounded.
Jessica hits you with a +0 club.
You die...

♣♣...♣ ♣....♣ #....#
###.... #
#.#...##########
...#..............######
....................>...
#.....@@.5..#####.######
#....#.#.##.# #....÷..
... #.#.##.###########.
. #.#...(....# #.
..#........# #.
###......†.# #.
#........#######.
#................
#........########


You could see Jessica (ally target) and a friendly iron imp (summoned).

Vanquished Creatures
  Natasha (D:2)
  Terence (D:2)
  A worm (D:2)
  2 endoplasms
  A bat (D:2)
  A goblin (D:2)
7 creatures vanquished.

Notes
Turn   | Place    | Note
-------+----------+-------------------------------------------
     0 | D:1      | Nedwor the Demonspawn Gladiator began the quest for the
                  | Orb.
     0 | D:1      | Reached XP level 1. HP: 16/16 MP: 1/1
    76 | D:1      | You fall into a shaft and drop 1 floor!
   402 | D:2      | Noticed Terence
   423 | D:2      | Killed Terence
   424 | D:2      | Gained mutation: You are partially covered in razor-sharp
                  | scales. (AC +1, Slay +1) [demonic ancestry]
   424 | D:2      | Reached XP level 2. HP: 5/23 MP: 2/2
   517 | D:2      | Gained mutation: A weak demonic guardian rushes to your
                  | aid. [demonic ancestry]
   517 | D:2      | Reached XP level 3. HP: 28/28 MP: 3/3
   534 | D:2      | Found a faded altar of an unknown god.
   619 | D:2      | Noticed Natasha
   633 | D:2      | HP: 1/28 [Natasha (3)]
   634 | D:2      | Killed Natasha
   972 | D:2      | Noticed Jessica
   978 | D:2      | Slain by Jessica

Illustrated notes

Levels and vault maps discovered:
D:1:      dpeg_arrival_chambers_temple_mockup, layout_loops_ring, serial_glass,
          glass_columns_c, glass_columns_c, hangedman_abyss_or_decor_stabs,
          chequers_serial_rivers_room_b
D:2:      layout_basic, basic_altar, basic_ecumenical_altar,
          serial_bayou_pond_a, uniq_terence, uniq_crazy_yiuf_cottage,
          uniq_natasha, uniq_jessica

Skill      XL: |  1 |
---------------+----+-----
Short Blades   | 3 |  3.6
Dodging        | 3 |  3.1
Fighting       | |  2.6
Throwing       | |  1.7

Action                     || total
---------------------------++-------
  Melee: Rapier            ||    54
         Punch             ||     1
 Armour: Leather armour    ||    20
  Dodge: Dodged            ||    35

Table legend: (Time is in decaauts)
 A = Elapsed time spent in this place.
 B = Non-inter-level travel time spent in this place.
 C = Inter-level travel time spent in this place.
 D = Time resting spent in this place.
 E = Time spent auto-exploring this place.
 F = Levels seen in this place.
 G = Mean time per level.
                   A        B        C        D        E       F      G
               +--------+--------+--------+--------+--------+-----+--------+
         Total |    980 |    980 |      0 |    622 |    254 |   2 |  490.0 |
       Dungeon |    980 |    980 |      0 |    622 |    254 |   2 |  490.0 |
               +--------+--------+--------+--------+--------+-----+--------+

Top non-repeatable levels by time:
     D:2: 904 daAuts
     D:1: 76 daAuts
